 Dungeon Crawl Stone Soup version 0.27-a0-1502-g47ed6a6988 (webtiles) character file.

Game seed: 8338600182161587378

28 bande the Covered (level 3, -5/24 HPs)
             Began as a Gargoyle Fighter on July 9, 2021.
             Slain by Sigmund (8 damage)
             ... on level 2 of the Dungeon.
             The game lasted 00:01:12 (1263 turns).

bande the Covered (Gargoyle Fighter)                Turns: 1263, Time: 00:01:13

Health: -5/24      AC: 10    Str: 19    XL:     3   Next: 14%
Magic:  3/3        EV:  7    Int:  8    God:
Gold:   77         SH:  0    Dex: 10    Spells: 2/2 levels left

rFire    . . .     SeeInvis .   a - +0 war axe
rCold    . . .     Faith    .   c - +0 kite shield
rNeg     + . .     Spirit   .   b - +0 scale mail
rPois    ∞         Reflect  .   (no helmet)
rElec    +         Harm     .   (no cloak)
rCorr    .         Rampage  .   (no gloves)
Will     .....                  (no boots)
Stlth    ..........             (no amulet)
HPRegen  0.08/turn              (no ring)
MPRegen  0.08/turn              (no ring)

@: confused, mighty
A: sickness immunity, AC +3, negative energy resistance 1, electricity
resistance, torment resistance 1, petrification resistance
a: no special abilities


You were on level 2 of the Dungeon.
You visited 1 branch of the dungeon, and saw 2 of its levels.

You collected 77 gold pieces.

Inventory:

Hand Weapons
 a - a +0 war axe (weapon)
Armour
 b - a +0 scale mail (worn)
 c - a +0 kite shield (worn)
Jewellery
 e - a ring of wizardry
 g - a ring of poison resistance
 h - a ring of ice
Scrolls
 f - a scroll of acquirement {unknown}
 i - a scroll of amnesia {unknown}


   Skills:
 + Level 3.6 Fighting
 + Level 2.0 Axes
 + Level 3.7 Armour
 + Level 0.3 Dodging
 + Level 3.6 Shields


You had 2 spell levels left.
You didn't know any spells.
Your spell library contained the following spells:

 Spells                   Type           Power      Damage    Failure   Level
 Freeze                   Ice            0%         1d3       99%         1
 Frozen Ramparts          Ice            0%         1d2       100%        3
 Hailstorm                Conj/Ice       0%         3d3       100%        4


Dungeon Overview and Level Annotations

Branches:
Dungeon (2/15)

Altars:

Annotations:
D:2 Sigmund, Terence


Innate Abilities, Weirdness & Mutations

You are immune to sickness and miasma.
Your stone body is resilient. (AC +3)
You are immune to poison.
You resist negative energy. (rN+)
You are resistant to electric shocks. (rElec)
You are resistant to unholy torment.
You are immune to petrification.


Message History

You closely miss the rat.
The rat is severely wounded.
Sigmund hits you from afar with a +0 scythe!
* * * LOW HITPOINT WARNING * * *
The rat barely misses you.
Terence the Incautious comes into view.
He is wielding a +0 short sword.
Sigmund hits you but does no damage.
You feel very mighty all of a sudden. You block the rat's attack.
Sigmund hits you from afar with a +0 scythe.
* * * LOW HITPOINT WARNING * * *
You block Sigmund's attack. The rat closely misses you.
Sigmund mumbles some strange words.
Sigmund flickers and vanishes!
Deactivating autopickup; reactivate with Ctrl-A.
Terence shouts, "Get ready for death!"
You hear some strange, mumbled words.
You are confused.
Terence screams, "I'm going to kill you!"
Terence hits you but does no damage.
There is a stone staircase leading up here.
Unknown command.
The rat barely misses you. Terence hits you but does no damage.
Something hits you but does no damage.
In your confused state, you trip and fall back down the stairs.
* * * LOW HITPOINT WARNING * * *
The rat bites you but does no damage. Something hits you but does no damage.
Terence hits you but does no damage.
Unknown command.
The rat bites you but does no damage. Something completely misses you.
Unknown command.
You slash the rat!
You kill the rat!
You barely miss Terence.
You hear some strange, mumbled words.
You are more confused.
Terence hits you but does no damage. Terence closely misses you.
Something hits you!
You die...

.......#
###..#>..# .
#........#
..##........##
#......†.....#
#..........###
###(...........
#.......{...###
#..#...@@....#
..
######....... #
##..### ?## .
##


You could see Terence.

Vanquished Creatures
  A worm (D:2)
  A dart slug (D:1)
  A bat (D:1)
  2 endoplasms (D:1)
  A giant cockroach (D:1)
  A hobgoblin (D:1)
  3 quokkas (D:1)
  6 ball pythons (D:1)
  2 kobolds (D:1)
  5 rats
23 creatures vanquished.

Notes
Turn   | Place    | Note
-------+----------+-------------------------------------------
     0 | D:1      | bande the Gargoyle Fighter began the quest for the Orb.
     0 | D:1      | Reached XP level 1. HP: 14/14 MP: 1/1
   304 | D:1      | Reached XP level 2. HP: 17/19 MP: 2/2
  1092 | D:1      | Reached XP level 3. HP: 23/23 MP: 3/3
  1248 | D:2      | Noticed Sigmund
  1254 | D:2      | Noticed Terence
  1263 | D:2      | Slain by Sigmund

Illustrated notes

Levels and vault maps discovered:
D:1:      roderic_octagonal_star, layout_basic, minmay_misc_feat_columns
D:2:      layout_rooms, chequers_ecumenical_altar_twisty, uniq_terence,
          uniq_sigmund

Skill      XL: |  1  2 |
---------------+-------+-----
Axes           | 2 |  2.0
Fighting       | |  3.6
Armour         | |  3.7
Dodging        | |  0.3
Shields        | |  3.6

Action                   || total
-------------------------++-------
Melee: War axe           ||    59
  Use: Potion            ||     1
Armor: Scale mail        ||    44
Dodge: Dodged            ||    25
Block: Kite shield       ||    39

Table legend: (Time is in decaauts)
 A = Elapsed time spent in this place.
 B = Non-inter-level travel time spent in this place.
 C = Inter-level travel time spent in this place.
 D = Time resting spent in this place.
 E = Time spent auto-exploring this place.
 F = Levels seen in this place.
 G = Mean time per level.
                   A        B        C        D        E       F      G
               +--------+--------+--------+--------+--------+-----+--------+
         Total |   1300 |   1300 |      0 |    293 |    823 |   2 |  650.0 |
       Dungeon |   1300 |   1300 |      0 |    293 |    823 |   2 |  650.0 |
               +--------+--------+--------+--------+--------+-----+--------+

Top non-repeatable levels by time:
     D:1: 1279 daAuts
     D:2: 20 daAuts
